 Dungeon Crawl Stone Soup version 0.28.0 (webtiles) character file.

Game seed: 15235693567695797977

23499 bande the Blocker (level 13, -5/79 HPs)
             Began as a Gargoyle Fighter on Feb 7, 2022.
             Was a High Priest of Okawaru.
             Slain by a culicivora (12 damage)
             ... on level 2 of the Lair of Beasts.
             The game lasted 00:36:21 (16070 turns).

bande the Blocker (Gargoyle Fighter)               Turns: 16070, Time: 00:36:22

Health: -5/79      AC: 45    Str: 21    XL:     13   Next: 7%
Magic:  15/15      EV:  3    Int: 12    God:    Okawaru [*****.]
Gold:   765        SH: 17    Dex: 13    Spells: 12/12 levels left

rFire   . . .      SeeInvis .   w - +5 hand axe (freeze)
rCold   . . .      Faith    .   D - +0 kite shield
rNeg    + + .      Spirit   .   b - +8 orange crystal plate armour {Archmagi, Int+3 Clar}
rPois   ∞          Reflect  +   j - +0 helmet
rElec   +          Harm     .   (no cloak)
rCorr   .          Rampage  .   (no gloves)
Will    .....      Archmagi +   G - +1 pair of boots
Stlth   .......... Clarity  +   g - amulet of reflection
HPRegen 0.23/turn               t - +4 ring of protection
MPRegen 0.14/turn               u - ring of positive energy

@: no status effects
A: sickness immunity, AC +9, negative energy resistance 1, electricity
resistance, torment resistance 1, petrification resistance, claws 1
a: Renounce Religion, Heroism, Finesse, Duel


You were on level 2 of the Lair of Beasts.
You worshipped Okawaru.
Okawaru was extremely pleased with you.
You visited 3 branches of the dungeon, and saw 16 of its levels.
You also visited: Sewer and Bailey.

You collected 765 gold pieces.

Inventory:

Hand Weapons
 a - a +1 war axe
 w - a +5 hand axe of freezing (weapon)
 K - a +0 scimitar of flaming
Missiles
 x - 2 throwing nets (quivered)
Armour
 b - the +8 orange crystal plate armour (worn) {Archmagi, Int+3 Clar}
   (You acquired it on level 5 of the Dungeon)

   Int:       It affects your intelligence (+3).
   Clar:      It protects you against confusion.
 j - a +0 helmet (worn)
 A - the +0 plate armour "Repasy" {rC+ Str+2 Dex+2}
   (Okawaru gifted it to you on level 10 of the Dungeon)

   Str:       It affects your strength (+2).
   Dex:       It affects your dexterity (+2).
   rC:        It protects you from cold.
 D - a +0 kite shield (worn)
 G - a +1 pair of boots (worn)
Jewellery
 f - a +6 ring of strength
 g - an amulet of reflection (around neck)
 t - a +4 ring of protection (left claw)
 u - a ring of positive energy (right claw)
Wands
 e - a wand of iceblast (21)
 o - a wand of digging (8)
 y - a wand of paralysis (10)
 F - a wand of flame (43)
 I - a wand of mindburst (8)
 L - a wand of polymorph (5)
Scrolls
 c - 5 scrolls of enchant weapon
 p - a scroll of amnesia
 s - 4 scrolls of teleportation
 B - a scroll of blinking
 E - 3 scrolls of fear
 J - a scroll of enchant armour
Potions
 d - 5 potions of might
 h - 4 potions of resistance
 i - 2 potions of heal wounds
 k - 2 potions of cancellation {unknown}
 l - 2 potions of haste
 m - 2 potions of magic
 n - 3 potions of mutation
 q - a potion of lignification {unknown}
 r - 3 potions of brilliance {unknown}
 v - a potion of attraction {unknown}
 z - 4 potions of curing
 C - a potion of flight {unknown}
 H - 2 potions of invisibility {unknown}


   Skills:
 + Level 8.7 Fighting
 + Level 11.6 Axes
 + Level 9.1 Armour
 + Level 12.2 Shields
 * Level 3.4 Invocations
 * Level 8.0 Evocations


You had 12 spell levels left.
You didn't know any spells.
Your spell library contained the following spells:

 Spells                   Type           Power      Damage    Failure   Level
 Slow                     Hex            0%         N/A       100%        1
 Confusing Touch          Hex            0%         N/A       100%        3
 Gell's Gravitas          Tloc           0%         N/A       100%        3
 Lesser Beckoning         Tloc           0%         N/A       100%        3
 Teleport Other           Tloc           0%         N/A       100%        3
 Vampiric Draining        Necr           0%         2d6       100%        3


Dungeon Overview and Level Annotations

Branches:
Dungeon (11/15)            Temple (1/1) D:7            Lair (4/6) D:11
 Spider (0/4) Lair:2          Orc (0/2) D:10          Sewer (visited)
 Bailey (visited)
  Swamp: Lair:2-4    Shoals: Lair:2-4

Altars:
Ashenzari
Cheibriados
Dithmenos
Fedhas
Gozag
Makhleb
Nemelex Xobeh
Okawaru
Ru
Trog
Uskayaw
Vehumet
Wu Jian
Xom
Yredelemnul
Zin
The Shining One

Shops:
D:1 ?   D:5 !   D:6 [   D:7 !   D:9 *

Annotations:
D:3 2 transporters


Innate Abilities, Weirdness & Mutations

You are immune to sickness and miasma.
Your stone body is resilient. (AC +9)
You are immune to poison.
You resist negative energy. (rN+)
You are resistant to electric shocks. (rElec)
You are resistant to unholy torment.
You are immune to petrification.
You have sharp fingernails.


Message History

The wolf spider bites you.
* * * LOW HITPOINT WARNING * * *
Unknown command.
You miss the culicivora.
The culicivora is severely wounded.
You barely miss the wolf spider. You hit the culicivora.
You freeze the culicivora.
The jumping spider leaps!
The culicivora bites you but does no damage.
You block the wolf spider's attack. x2; The culicivora completely misses you.
The jumping spider leaps!
You slash the culicivora! You freeze the culicivora.
The culicivora is almost dead.
You hit the wolf spider but do no damage.
You miss the culicivora.
The culicivora is healed somewhat.
The culicivora bites you but does no damage.
The wolf spider hits you but does no damage.
You block the wolf spider's attack.
You slash the culicivora! You freeze the culicivora!
You kill the culicivora!
Okawaru accepts your kill.
You hit the wolf spider. You freeze the wolf spider.
You closely miss the culicivora.
The culicivora bites you but does no damage.
The wolf spider barely misses you.
The wolf spider bites you but does no damage.
You block the culicivora's attack.
You are caught in the web!
The jumping spider leaps!
The wolf spider hits you but does no damage.
The wolf spider bites you!
* * * LOW HITPOINT WARNING * * *
The culicivora bites you but does no damage.
The wolf spider hits you but does no damage.
The wolf spider barely misses you.
There is a web here.
You see here a culicivora corpse.
You disentangle yourself.
You block the culicivora's attack. The wolf spider hits you!
* * * LOW HITPOINT WARNING * * *
You block the wolf spider's attack. The culicivora bites you!
You die...

##..P# #P...# ##..#### ###
#...#### #...#..#.#.# #...
#...##.# #........... ##..>.
#....... ##.#..#.##.# .^....
##.PP... #.#### #...^^#
####..# #.# ######..^..# #..#
##.# #..##.^^.^# #... #..#
##..s@s^# #... #.##
#P....#### # ####..#
#..####....##.P###.###.#P..P
#..........#................
#...........................
##...........>...............
#..#####.###..########P#..###
##.## ### #### #..## #.P#
#...#


You could see a wolf spider and a culicivora.

Vanquished Creatures
  A hydra (D:11)
  5 two-headed ogres
  Erica (Lair:1)
  Sonja (D:10)
  A manticore (D:11)
  2 black mambas (Lair:2)
  Joseph (Lair:1)
  A komodo dragon (Lair:2)
  Maggie (D:8)
  2 cane toads
  3 kobold demonologists
  A rime drake (Lair:2)
  A merfolk (D:11)
  2 hornets
  3 trolls
  Grinder (D:6)
  A culicivora (Lair:2)
  4 wraiths
  3 wyverns
  29 yaks
  A steam dragon (D:8)
  2 wargs (D:10)
  3 water moccasins
  13 orc warriors
  A black bear (D:6)
  20 centaurs
  2 ogres (D:6)
  2 phantoms (D:5)
  4 kobold brigands
  A wyvern zombie (D:6)
  3 bullfrogs
  2 scorpions
  A water moccasin zombie (D:5)
  3 gnoll sergeants
  A water moccasin skeleton (D:4)
  8 killer bees
  12 wights
  3 electric eels
  2 vampire bats (D:4)
  2 howler monkeys
  4 centaur zombies
  4 crimson imps (D:3)
  A bullfrog zombie (D:4)
  7 hounds
  3 jellies
  A centaur skeleton (D:7)
  A gnoll shaman (D:7)
  3 orc priests
  Jessica (D:2)
  Terence (D:3)
  2 iguanas (D:4)
  7 orc wizards
  A killer bee zombie (D:8)
  A hound skeleton (D:4)
  2 howler monkey zombies
  Robin (D:2)
  10 adders
  24 gnolls
  6 river rats (Sewer)
  3 white imps
  An ufetubus (D:6)
  2 dart slugs
  39 orcs
  12 ball pythons
  14 bats
  13 endoplasms
  3 giant cockroaches
  14 goblins
  14 hobgoblins
  A jackal (D:2)
  A quokka (D:1)
  6 frilled lizards
  47 kobolds
  22 rats
  A spectral orc (D:8)
423 creatures vanquished.

Vanquished Creatures (others)
  An orc warrior (Bailey)
  2 centaurs (Bailey)
  2 orcs (Bailey)
  3 fungi
  12 plants
20 creatures vanquished.

Grand Total: 443 creatures vanquished

Notes
Turn   | Place    | Note
-------+----------+-------------------------------------------
     0 | D:1      | bande the Gargoyle Fighter began the quest for the Orb.
     0 | D:1      | Reached XP level 1. HP: 14/14 MP: 1/1
    94 | D:1      | Reached XP level 2. HP: 20/20 MP: 2/2
   128 | D:1      | Found Afrawk's Magic Scroll Shop.
   656 | D:2      | Reached XP level 3. HP: 24/24 MP: 3/3
   777 | D:2      | You fall into a shaft and drop 1 floor!
   823 | D:3      | Noticed Terence
   835 | D:3      | Killed Terence
   836 | D:3      | Reached XP level 4. HP: 18/29 MP: 4/4
   977 | D:3      | Found a transporter.
  1003 | D:3      | Found a transporter.
  1049 | D:3      | Found a glowing drain.
  1060 | Sewer    | Entered a sewer
  1097 | Sewer    | Noticed a kobold brigand
  1116 | Sewer    | Killed a kobold brigand
  1117 | Sewer    | Reached skill level 4 in Shields
  1117 | Sewer    | Reached XP level 5. HP: 26/33 MP: 5/5
  1535 | Sewer    | Reached XP level 6. HP: 32/39 MP: 6/6
  2166 | D:2      | Gained mutation: Armour fits poorly on your strangely
                  | shaped body. [potion of mutation]
  2166 | D:2      | Gained mutation: Your body sometimes deteriorates upon
                  | taking damage. [potion of mutation]
  2166 | D:2      | Gained mutation: You are agile. (Dex +2) [potion of
                  | mutation]
  2167 | D:2      | Lost mutation: Armour fits poorly on your strangely shaped
                  | body. [potion of mutation]
  2167 | D:2      | Lost mutation: Your body sometimes deteriorates upon taking
                  | damage. [potion of mutation]
  2167 | D:2      | Gained mutation: Armour fits poorly on your strangely
                  | shaped body. [potion of mutation]
  2167 | D:2      | Gained mutation: You are partially covered in large bone
                  | plates. (SH +4) [potion of mutation]
  2168 | D:2      | Lost mutation: Armour fits poorly on your strangely shaped
                  | body. [potion of mutation]
  2168 | D:2      | Lost mutation: You are partially covered in large bone
                  | plates. (SH +4) [potion of mutation]
  2168 | D:2      | Gained mutation: You have sharp fingernails. [potion of
                  | mutation]
  2698 | D:2      | Noticed Robin
  2725 | D:2      | Killed Robin
  2954 | D:2      | Noticed Jessica
  2958 | D:2      | Killed Jessica
  3279 | D:2      | Found a faded altar of an unknown god.
  3635 | D:3      | Found a shimmering altar of Xom.
  3642 | D:3      | Reached XP level 7. HP: 44/44 MP: 7/7
  3658 | D:3      | Reached skill level 5 in Axes
  4211 | D:4      | Identified the +1 leather armour of Shadows and Fog {+Blink
                  | rElec Regen+ Str-3}
  4249 | D:4      | Reached skill level 5 in Fighting
  4358 | D:4      | Found a glowing silver altar of Zin.
  4403 | D:4      | Found a hide-covered altar of Uskayaw.
  4723 | D:4      | Reached skill level 5 in Shields
  4740 | D:4      | Reached skill level 5 in Armour
  4740 | D:4      | Reached XP level 8. HP: 47/49 MP: 8/8
  4910 | D:4      | Found a glowing golden altar of the Shining One.
  4989 | D:4      | Found a burning altar of Makhleb.
  5175 | D:4      | Reached skill level 1 in Evocations
  5284 | D:4      | Found a large runed translucent door.
  5285 | D:4      | Found a large runed translucent door.
  5297 | D:4      | Found a sacrificial altar of Ru.
  5318 | D:4      | Found a snail-covered altar of Cheibriados.
  5356 | D:5      | Entered Level 5 of the Dungeon
  5525 | D:5      | Identified a scroll of acquirement
  5525 | D:5      | Acquired the +8 orange crystal plate armour {Archmagi,
                  | Int+3 Clar}
  5525 | D:5      | Found the +8 orange crystal plate armour {Archmagi, Int+3
                  | Clar}
  5541 | D:5      | Found Zivvokuch's Distillery.
  5927 | D:6      | Reached skill level 6 in Shields
  5978 | D:6      | Reached XP level 9. HP: 39/54 MP: 9/9
  6428 | D:6      | Noticed Grinder
  6445 | D:6      | Paralysed by Grinder for 2 turns
  6448 | D:6      | Killed Grinder
  6532 | D:6      | Found Dozinkot's Antique Armour Emporium.
  6597 | D:6      | Found an ornate altar of the Wu Jian Council.
  6813 | D:7      | Noticed a hornet
  6830 | D:7      | Killed a hornet
  7124 | D:7      | Found Edoesibu's Distillery.
  7213 | D:7      | Reached skill level 7 in Shields
  7229 | D:7      | Found a sparkling altar of Nemelex Xobeh.
  7265 | D:7      | Found a staircase to the Ecumenical Temple.
  7278 | Temple   | Entered the Ecumenical Temple
  7347 | Temple   | Became a worshipper of Warmaster Okawaru
  7557 | D:8      | Reached XP level 10. HP: 61/61 MP: 10/10
  8043 | D:9      | Reached * piety under Okawaru
  8092 | D:8      | Found a bloodstained altar of Trog.
  8122 | D:8      | Noticed Maggie
  8169 | D:8      | Killed Maggie
  8286 | D:8      | Reached skill level 8 in Shields
  8286 | D:8      | Reached skill level 5 in Evocations
  8342 | D:8      | Found a basalt altar of Yredelemnul.
  8571 | D:9      | Reached ** piety under Okawaru
  8772 | D:9      | Noticed a two-headed ogre
  8786 | D:9      | Killed a two-headed ogre
  9114 | D:9      | Reached *** piety under Okawaru
  9255 | D:9      | Found an opulent altar of Gozag.
  9259 | D:9      | Found Gozag's Platinum Reserve.
  9533 | D:9      | Reached XP level 11. HP: 51/67 MP: 11/11
 10065 | D:10     | Entered Level 10 of the Dungeon
 10160 | D:10     | Reached skill level 9 in Shields
 10211 | D:10     | Found a staircase to the Orcish Mines.
 10477 | D:10     | Noticed Sonja
 10479 | D:10     | Noticed a two-headed ogre
 10503 | D:10     | Found a flagged portal.
 10513 | Bailey   | Entered a bailey
 10559 | Bailey   | Reached skill level 10 in Axes
 10951 | Bailey   | Reached **** piety under Okawaru
 11378 | Bailey   | Reached skill level 10 in Shields
 11769 | Bailey   | Identified the +7 executioner's axe of Fedhas's Generosity
                  | {vorpal, Int+4 Stlth+}
 11774 | Bailey   | Identified the +6 bardiche "Grim" {flame, rF+ Str+4 Int+5}
 11934 | D:10     | Killed a two-headed ogre
 11956 | D:10     | Killed Sonja
 11956 | D:10     | Reached ***** piety under Okawaru
 12215 | D:10     | Identified the +0 plate armour "Repasy" {rC+ Str+2 Dex+2}
                  | (Okawaru gifted it to you on level 10 of the Dungeon)
 12215 | D:10     | Received a gift from Okawaru
 12659 | D:11     | Reached XP level 12. HP: 73/73 MP: 12/12
 12738 | D:11     | Reached skill level 11 in Shields
 12760 | D:11     | Found a staircase to the Lair.
 12885 | D:11     | Noticed a two-headed ogre
 12899 | D:11     | Killed a two-headed ogre
 13366 | D:11     | Noticed a two-headed ogre
 13374 | D:11     | Killed a two-headed ogre
 13663 | D:11     | Noticed a four-headed hydra
 13674 | D:11     | Killed a four-headed hydra
 13817 | D:11     | Noticed a soul eater
 14063 | D:11     | Reached skill level 1 in Invocations
 14081 | D:11     | Lost mutation: You are agile. (Dex +2) [a neqoxec]
 14434 | D:11     | Noticed a two-headed ogre
 14457 | D:11     | Killed a two-headed ogre
 14607 | Lair:1   | Entered Level 1 of the Lair of Beasts
 14736 | Lair:1   | Noticed Joseph
 14750 | Lair:1   | Killed Joseph
 14971 | Lair:1   | Noticed Erica
 14992 | Lair:1   | Killed Erica
 15334 | Lair:2   | You fall into a shaft and drop 2 floors!
 15371 | Lair:4   | Noticed a six-headed hydra
 15524 | Lair:2   | Reached skill level 12 in Shields
 15698 | Lair:2   | Reached XP level 13. HP: 79/79 MP: 15/15
 16053 | Lair:2   | Found a hole to the Spider Nest.
 16070 | Lair:2   | Slain by a culicivora

Illustrated notes

Levels and vault maps discovered:
D:1:      zelgadis_glass_arrival_small, layout_rooms, serial_shops,
          nicolae_shop_stone
D:2:      wad_river_or_something, layout_basic, ebering_ecumenical_altar_mist,
          minmay_pentomino_pile, uniq_jessica, uniq_robin
D:3:      gammafunk_steamed_eel, layout_basic, led_xom_imps,
          portal_sewer_entry_d, amethyst_killhole, kennysheep_generic_room_11,
          uniq_terence
D:4:      layout_rooms, mainiacjoe_overflow_boulevard,
          makhleb_blood_cavern_becter, mainiacjoe_overflow_alcove_4,
          nicolae_overflow_hidden_temple, jmf_multi_god_temple2, roderic_batcave
D:5:      layout_rooms, serial_shops, nicolae_shop_competitors_out_of_business
D:6:      layout_rooms, nzn_wu_jian_council_hall, serial_shops, shop,
          minmay_misc_feat_pillars, uniq_grinder
D:7:      lemuel_ice_spiral_2, layout_rooms, nicolae_overflow_crystal_walls,
          minmay_temple_entry_hall, serial_shops, shop_fountains
D:8:      layout_basic, yredelemnul_forgotten_temple_becter, trog_book,
          serial_bayou_crossing, uniq_maggie
D:9:      layout_gridville, nicolae_gozag_zags_fifth_avenue
D:10:     layout_big_octagon, david_orc_1_choice, enter_bailey_4, uniq_sonja
D:11:     layout_irregular_city, erik_lair_island, hangedman_fish_farm
Temple:   nicolae_temple_figure_zero
Lair:1:   layout_cave_shapes, serial_bayou_shore_b, uniq_erica, uniq_joseph
Lair:2:   layout_long_grid, spider_nest_entry_funnel_web, serial_bayou_shore_a,
          lemuel_fruit_fields
Lair:3:   layout_regular_city, shoals_dummy_entry, serial_forest,
          infiniplex_forest_lined_2, infiniplex_forest_end_1,
          infiniplex_forest_corner_1, infiniplex_forest_lined_ring,
          infiniplex_forest_clump_tiny, infiniplex_forest_corner_1,
          infiniplex_forest_lined_3_way, infiniplex_forest_clump_small,
          infiniplex_forest_lined_room_2
Lair:4:   dragon1_lemuel, layout_cave_shapes, dreamdust_deal_with_the_devil,
          chequers_serial_rivers_marsh, lemuel_oklob_altar, lemuel_fruit_tree

Skill      XL: |  1  2  3  4  5  6  7  8  9 10 11 12 13 |
---------------+----------------------------------------+-----
Axes           | 2 3 4 5 7 8 9 10 11 | 11.6
Fighting       | 4 5 6 7 8 |  8.7
Armour         | 4 5 6 7 8 9 |  9.1
Shields        | 4 5 6 7 8 10 12 | 12.2
Evocations     | 2 4 5 6 7 8 |  8.0
Invocations    | 3 |  3.4

Action                   |  1- 3 |  4- 6 |  7- 9 | 10-12 | 13-15 || total
-------------------------+-------+-------+-------+-------+-------++-------
Melee: War axe           |    89 |   224 |   276 |       |       ||   589
       Hand axe          |       |       |   107 |   941 |    51 ||  1099
       Flail             |       |       |       |     8 |       ||     8
Invok: Heroism           |       |       |       |     1 |       ||     1
  Use: Scroll            |     1 |     4 |     9 |     5 |       ||    19
       Potion            |       |     3 |       |     4 |       ||     7
Armor: Scale mail        |    42 |   146 |    98 |       |       ||   286
       Crystal plate arm |       |       |   218 |   862 |    36 ||  1116
       Chain mail        |       |       |     1 |       |       ||     1
Dodge: Dodged            |    44 |   103 |   103 |    93 |     7 ||   350
Block: Buckler           |    22 |   142 |   266 |   126 |       ||   556
       Reflection        |       |     3 |     6 |    34 |       ||    43
       Kite shield       |       |       |       |   851 |    42 ||   893
